AoeStats
← Pwncakes

Nomad

506697961Analyzed
3v3 RM · 19d ago on Sep 14, 2026· 35m 34s· 6 players
Game mode
Random Map
Map size
210×210
Population
200
Speed
Normal
Resources
Standard
Victory
Conquest
Starting age
Dark Age
Ending age
Imperial Age
RankedLock teamsTeams togetherTeam positionsShared explorationLock speedFull tech treeHidden civsTurbo modeCheats
Victory
Defeat
🇺🇸 Huns · United States
1318
+13
🇧🇷 Magyars · Brazil
1242
+16
🇨🇱 Berbers · Chile
1161
+20
🇱🇺 Japanese · Luxembourg
1294
-18
🇱🇾 Persians · Libya
1232
-16
🇩🇪 Vietnamese · Germany
1218
-15
Derikas
5:05 Loom
5:10 Loom
13:32 Feudal Age
17:58 Castle Age
17:52 Stone Mining
17:51 Double-Bit Axe
19:07 Gold Mining
19:44 Bow Saw
20:56 Pikeman
28:57 Horse Collar
30:29 Heavy Plow
Skrepee
4:51 Loom
14:28 Feudal Age
15:01 Double-Bit Axe
22:27 Castle Age
24:01 Medium Warships
27:05 Fletching
27:53 Bodkin Arrow
31:22 Careening
31:41 Ballistics
34:07 Guard Tower
salah.7nwiji
7:43 Loom
14:35 Feudal Age
15:13 Fishing Lines
19:04 Castle Age
17:53 Forging
19:18 Double-Bit Axe
20:39 Medium Warships
22:02 Gillnets
25:06 Wheelbarrow
24:36 Town Watch
32:07 Careening
32:08 Clinker Construction
32:33 Husbandry
32:44 Bloodlines
34:05 Scale Barding Armor
35:05 Fletching
Pwncakes
4:26 Loom
14:42 Feudal Age
15:33 Double-Bit Axe
18:41 Scale Barding Armor
18:48 Forging
18:44 Scale Barding Armor
20:48 Wheelbarrow
20:19 Fishing Lines
21:04 Fletching
24:26 Castle Age
23:48 Padded Archer Armor
24:01 Bloodlines
24:45 Gold Mining
25:03 Bodkin Arrow
26:02 Gold Shaft Mining
25:43 Light Cavalry
26:24 Husbandry
26:59 Chain Barding Armor
26:56 Leather Archer Armor
29:10 Gold Shaft Mining
29:43 Bow Saw
31:29 Ballistics
ElMismisimo
12:13 Feudal Age
13:00 Double-Bit Axe
14:09 Loom
16:25 Fishing Lines
22:45 Castle Age
21:09 Fletching
22:17 Forging
23:43 Medium Warships
23:59 Horse Collar
24:31 Bow Saw
26:15 Bodkin Arrow
26:30 Padded Archer Armor
27:29 Wheelbarrow
26:45 Gold Mining
28:31 Ballistics
29:51 Husbandry
GRERREIRO TOP
9:41 Loom
14:04 Feudal Age
18:30 Castle Age
17:39 Scale Barding Armor
18:48 Horse Collar
22:20 Bloodlines
22:04 Man-at-Arms
26:10 Fletching
32:42 Wheelbarrow
31:53 Town Watch
34:00 Padded Archer Armor
Connection lost

Rejoining the realm…

Still unreachable

The connection could not be restored.

Session expired

The server has moved on; the page needs a fresh start.